 Dungeon Crawl Stone Soup version 0.27.1-2-g3b301248ec (webtiles) character file.

Game seed: 9845846089113082827

45482 Borgoz the Fighter (level 14, -13/94 HPs)
             Began as a Gargoyle Berserker on Sept 24, 2021.
             Was a High Priest of Trog.
             Mangled by a spriggan rider (17 damage)
             ... on level 6 of the Lair of Beasts.
             The game lasted 00:26:07 (20165 turns).

Borgoz the Fighter (Gargoyle Berserker)            Turns: 20165, Time: 00:26:07

Health: -13/94     AC: 29    Str: 35    XL:     14   Next: 33%
Magic:  0/14       EV: 14    Int:  9    God:    Trog [*****.]
Gold:   1138       SH:  0    Dex: 11    Spells: 13/13 levels left

rFire    . . .     SeeInvis .   J - +0 great mace (holy)
rCold    + . .     Faith    .   (shield currently unavailable)
rNeg     + . .     Spirit   +   B - +2 scale mail {rC+}
rPois    ∞         Reflect  .   (helmet restricted)
rElec    +         Harm     .   C - +1 cloak
rCorr    .         Rampage  .   e - +0 pair of gloves
Will     +++..                  k - +0 pair of boots
Stlth    ..........             l - amulet of guardian spirit
HPRegen  1.25/turn              t - +6 ring of strength
MPRegen  0.14/turn              g - +6 ring of strength

@: strong-willed, unable to read, on berserk cooldown, flying, regenerating,
slowed, very slow
A: sickness immunity, AC +10, big wings, negative energy resistance 1,
electricity resistance, torment resistance 1, petrification resistance, antennae
1, iridescent scales 1, inability to read while threatened
a: Renounce Religion, Berserk, Trog's Hand, Brothers in Arms


You were on level 6 of the Lair of Beasts.
You worshipped Trog.
Trog was extremely pleased with you.
You visited 2 branches of the dungeon, and saw 17 of its levels.
You also visited: Sewer.

You collected 1138 gold pieces.

Inventory:

Hand Weapons
 F - a +3 dire flail of chaos
 J - a +0 great mace of holy wrath (weapon)
Armour
 e - a +0 pair of gloves (worn)
 k - a +0 pair of boots (worn)
 p - a +1 helmet
 B - a +2 scale mail of cold resistance (worn)
 C - a +1 cloak (worn)
Jewellery
 b - a ring of positive energy
 g - a +6 ring of strength (right hand)
 i - a ring of protection from fire
 l - an amulet of guardian spirit (around neck)
 n - a +4 ring of protection
 t - a +6 ring of strength (left hand)
 u - a ring of resist corrosion
 z - a ring of willpower
Wands
 a - a wand of digging (7)
 m - a wand of iceblast (18)
 o - a wand of mindburst (18)
 y - a wand of flame (61)
 H - a wand of paralysis (13)
Scrolls
 c - a scroll of magic mapping
 d - 3 scrolls of identify
 f - 5 scrolls of fear
 r - a scroll of brand weapon
 v - 7 scrolls of teleportation
 A - 2 scrolls of silence
 D - 2 scrolls of enchant armour
 E - 4 scrolls of fog
 G - 2 scrolls of blinking
Potions
 h - 7 potions of curing
 j - a potion of resistance
 q - 2 potions of ambrosia
 s - a potion of haste
 w - 7 potions of heal wounds
 x - 4 potions of berserk rage
 I - a potion of mutation


   Skills:
 + Level 13.5 Fighting
 * Level 12.5 Maces & Flails
 + Level 13.3 Armour
 * Level 10.6 Dodging


You had 13 spell levels left.
You didn't know any spells.
Your spell library was empty.

Dungeon Overview and Level Annotations

Branches:
Dungeon (11/15)            Temple (0/1) D:5            Lair (6/6) D:10
 Shoals (0/4) Lair:3        Snake (0/4) Lair:3        Slime (0/5) Lair:6
    Orc (0/2) D:10          Sewer (visited)

Altars:
Cheibriados
Dithmenos
Elyvilon
Nemelex Xobeh
Trog
Uskayaw
Wu Jian
Xom
Zin
Jiyva

Shops:
D:2 :   D:11 :

Annotations:
Lair:2 2 transporters, PeterMcNeter's ghost, journeyman DjCj
Lair:3 2 transporters, Borgoz's ghost, journeyman GrBe
Lair:6 1 runed translucent door


Innate Abilities, Weirdness & Mutations

You are immune to sickness and miasma.
Your stone body is resilient. (AC +10)
You are immune to poison.
Your large and strong wings let you fly.
You resist negative energy. (rN+)
You are resistant to electric shocks. (rElec)
You are resistant to unholy torment.
You are immune to petrification.
You have a pair of small antennae on your head.
You are partially covered in iridescent scales. (AC +2)
You sometimes lose the ability to read scrolls when taking damage.


Message History

The six-headed hydra closely misses you.
The six-headed hydra bites you but does no damage.
The six-headed hydra bites you.
* * * LOW HITPOINT WARNING * * *
The six-headed hydra barely misses you. The six-headed hydra misses you.
You miss the spriggan rider.
The spriggan rider hits you with a +0 spear!
You feel threatened and lose the ability to read scrolls!
* * * LOW HITPOINT WARNING * * *
The six-headed hydra completely misses you.
The six-headed hydra barely misses you. x2
The six-headed hydra closely misses you. x2
The six-headed hydra bites you.
* * * LOW HITPOINT WARNING * * *
You bludgeon the spriggan rider!!
The spriggan rider is moderately wounded.
The spriggan rider closely misses you.
The six-headed hydra bites you but does no damage.
The six-headed hydra bites you.
* * * LOW HITPOINT WARNING * * *
The six-headed hydra bites you but does no damage. x3
The six-headed hydra barely misses you.
The spriggan rider hits you with a +0 spear.
* * * LOW HITPOINT WARNING * * *
The six-headed hydra bites you.
* * * LOW HITPOINT WARNING * * *
The six-headed hydra bites you but does no damage. x3
The six-headed hydra closely misses you.
The six-headed hydra barely misses you.
You miss the spriggan rider.
The spriggan rider is moderately wounded.
The spriggan rider hits you but does no damage.
The six-headed hydra barely misses you.
The six-headed hydra closely misses you.
The six-headed hydra bites you.
* * * LOW HITPOINT WARNING * * *
The six-headed hydra closely misses you.
The six-headed hydra bites you but does no damage. x2
The spriggan rider hits you with a +0 spear!!
You die...

♣♣ ♣. ♣♣♣♣.
.♣♣...h
♣....hD♣♣♣
♣yi@.♣♣♣
♣♣♣♣♣..♣♣♣♣♣
♣♣♣....♣♣♣♣♣
♣♣........♣♣
♣.#.......<♣
♣♣....#.###♣♣♣♣
♣# #.#..####
###.♣
...#.....#
#.#..
........##
##...


You could see a six-headed hydra, a spriggan rider, a polar bear, a hornet and a
wolf.

Vanquished Creatures
  The ghost of emiel the Carver, a journeyman NaBe of Trog (Lair:1)
  Snorg (Lair:4)
  Josephine (D:11)
  7 hydras
  A two-headed ogre (D:11)
  2 spriggans (Lair:6)
  A lindwurm (Lair:6)
  Pikel (D:7)
  A manticore (D:11)
  2 merfolk sirens (Lair:3)
  15 elephants
  2 black mambas (Lair:4)
  6 cane toads
  3 kobold demonologists (D:11)
  3 rime drakes
  9 komodo dragons
  8 polar bears
  The ghost of MisterFreud the Shield-Bearer, an amateur GnFi of Xom (D:4)
  3 hornets
  2 merfolk (Lair:3)
  16 blink frogs
  A meliai zombie (D:11)
  Sigmund (D:2)
  A water elemental (D:11)
  4 wraiths
  25 yaks
  3 basilisks
  2 wyverns
  Menkaure (D:6)
  3 nagas (Lair:3)
  18 water moccasins
  4 orc warriors
  5 black bears
  An ice beast (D:8)
  3 necrophages
  An ogre (D:7)
  20 wolves
  2 centaurs
  A phantom (D:5)
  18 kobold brigands
  A gnoll sergeant (D:8)
  15 bullfrogs
  2 water moccasin zombies
  A scorpion (D:3)
  4 killer bees (D:8)
  5 electric eels
  A bullfrog zombie (D:5)
  6 centaur zombies
  5 hounds
  Crazy Yiuf (D:7)
  5 orc priests
  4 jellies
  Terence (D:2)
  8 iguanas
  10 orc wizards
  2 howler monkey zombies
  9 gnolls
  8 adders
  3 river rats (Sewer)
  3 white imps
  2 ufetubi (D:7)
  An adder skeleton (D:4)
  A worm (D:2)
  A dart slug (D:1)
  31 orcs
  9 endoplasms
  5 giant cockroaches
  8 goblins
  9 hobgoblins
  4 jackals
  8 quokkas
  9 ball pythons
  5 bats
  A frilled lizard (D:1)
  28 kobolds
  8 rats
  A bush (D:10)
425 creatures vanquished.

Vanquished Creatures (collateral kills)
  Rupert (Lair:6)
  A hydra (Lair:6)
  A cane toad (Lair:6)
  A komodo dragon (Lair:6)
  3 blink frogs (Lair:6)
  A water moccasin (Lair:6)
8 creatures vanquished.

Vanquished Creatures (others)
  4 kobolds (D:11)
  A bush (Lair:4)
  13 fungi
  79 plants
97 creatures vanquished.

Grand Total: 530 creatures vanquished

Notes
Turn   | Place    | Note
-------+----------+-------------------------------------------
     0 | D:1      | Borgoz the Gargoyle Berserker began the quest for the Orb.
     0 | D:1      | Reached XP level 1. HP: 14/14 MP: 1/1
   347 | D:1      | Reached XP level 2. HP: 4/19 MP: 2/2
   996 | D:1      | Reached XP level 3. HP: 6/23 MP: 3/3
   998 | D:1      | Reached ** piety under Trog
  1373 | D:1      | Found a faded altar of an unknown god.
  1433 | D:2      | Noticed Terence
  1442 | D:2      | Killed Terence
  1445 | D:2      | Reached XP level 4. HP: 29/29 MP: 4/4
  1705 | D:2      | Found Izxuippa's Book Emporium.
  1834 | D:2      | Noticed Sigmund
  1839 | D:2      | Killed Sigmund
  1840 | D:2      | Reached XP level 5. HP: 24/34 MP: 5/5
  2013 | D:2      | Reached XP level 6. HP: 39/39 MP: 6/6
  2937 | D:3      | Reached *** piety under Trog
  3597 | D:4      | Reached skill level 5 in Fighting
  3773 | D:4      | Reached XP level 7. HP: 37/44 MP: 7/7
  3935 | D:4      | You fall into a shaft and drop 1 floor!
  3935 | D:5      | Entered Level 5 of the Dungeon
  4372 | D:4      | Found a runed translucent door.
  4373 | D:4      | Noticed MisterFreud's ghost (amateur GnFi)
  4574 | D:5      | Reached skill level 5 in Maces & Flails
  4648 | D:5      | Reached skill level 5 in Armour
  4709 | D:5      | Found a staircase to the Ecumenical Temple.
  4744 | D:5      | Reached XP level 8. HP: 42/51 MP: 8/8
  5384 | D:6      | Found a glowing silver altar of Zin.
  5415 | D:6      | Reached **** piety under Trog
  5422 | D:6      | Noticed Menkaure
  5428 | D:6      | Killed Menkaure
  5593 | D:6      | Found a glowing drain.
  5653 | Sewer    | Entered a sewer
  6104 | Sewer    | Gained mutation: You sometimes lose the ability to read
                  | scrolls when taking damage. [potion of mutation]
  6104 | Sewer    | Gained mutation: You have a pair of small antennae on your
                  | head. [potion of mutation]
  6104 | Sewer    | Gained mutation: You are partially covered in iridescent
                  | scales. (AC +2) [potion of mutation]
  6643 | D:7      | Reached XP level 9. HP: 56/56 MP: 9/9
  6838 | D:7      | Noticed Pikel
  6847 | D:7      | Killed Pikel
  6848 | D:7      | Reached skill level 5 in Dodging
  7041 | D:7      | Found a runed translucent door.
  7042 | D:7      | Noticed Crazy Yiuf
  8001 | D:7      | Killed Crazy Yiuf
  8279 | D:8      | Reached XP level 10. HP: 49/64 MP: 10/10
  9166 | D:9      | Reached ***** piety under Trog
  9444 | D:4      | Killed MisterFreud's ghost
  9784 | D:10     | Entered Level 10 of the Dungeon
  9796 | D:10     | Found a shadowy altar of Dithmenos.
  9833 | D:10     | Found a staircase to the Orcish Mines.
 10031 | D:10     | Found a white marble altar of Elyvilon.
 10032 | D:10     | Found a shimmering altar of Xom.
 10041 | D:10     | Found a snail-covered altar of Cheibriados.
 10383 | D:10     | Reached XP level 11. HP: 62/71 MP: 11/11
 10551 | D:10     | Found a hide-covered altar of Uskayaw.
 10558 | D:10     | Found a sparkling altar of Nemelex Xobeh.
 10568 | D:10     | Found a staircase to the Lair.
 11081 | D:11     | Noticed a five-headed hydra
 11095 | D:11     | Killed a five-headed hydra
 11166 | D:11     | Reached skill level 10 in Fighting
 11227 | D:11     | Noticed a manticore
 11238 | D:11     | Killed a manticore
 11403 | D:11     | Reached skill level 10 in Armour
 11637 | D:11     | Noticed a two-headed ogre
 11644 | D:11     | Killed a two-headed ogre
 11811 | D:11     | Found Sesiass's Book Shoppe.
 11811 | D:11     | Noticed Josephine
 11823 | D:11     | Killed Josephine
 11849 | D:11     | Received a gift from Trog
 12280 | D:11     | Noticed a five-headed hydra
 12293 | D:11     | Killed a five-headed hydra
 12294 | D:11     | Reached skill level 10 in Maces & Flails
 12294 | D:11     | Reached XP level 12. HP: 79/79 MP: 12/12
 12617 | Lair:1   | Entered Level 1 of the Lair of Beasts
 12738 | Lair:1   | Noticed a seven-headed hydra
 12745 | Lair:1   | Killed a seven-headed hydra
 12939 | Lair:1   | You fall into a shaft and drop 1 floor!
 13526 | Lair:1   | Found a large runed translucent door.
 13526 | Lair:1   | Found a large runed translucent door.
 13531 | Lair:1   | Noticed emiel's ghost (journeyman NaBe)
 13562 | Lair:1   | Killed emiel's ghost
 13979 | Lair:2   | Found a transporter.
 13987 | Lair:2   | Found a transporter.
 13990 | Lair:2   | Noticed PeterMcNeter's ghost (journeyman DjCj)
 14079 | Lair:2   | Noticed a four-headed hydra
 14086 | Lair:2   | Killed a four-headed hydra
 15600 | Lair:3   | Found a transporter.
 15606 | Lair:3   | Found a bloodstained altar of Trog.
 15606 | Lair:3   | Noticed Borgoz's ghost (journeyman GrBe)
 15621 | Lair:3   | Found a transporter.
 15721 | Lair:3   | Found a staircase to the Snake Pit.
 15878 | Lair:3   | Reached XP level 13. HP: 86/86 MP: 10/13
 16186 | Lair:3   | Found a staircase to the Shoals.
 16219 | Lair:3   | Received a gift from Trog
 17264 | Lair:4   | Noticed Snorg
 17276 | Lair:4   | Killed Snorg
 17315 | Lair:4   | Reached skill level 10 in Dodging
 18256 | Lair:5   | Found an ornate altar of the Wu Jian Council.
 19324 | Lair:6   | Entered Level 6 of the Lair of Beasts
 19403 | Lair:6   | Found a runed translucent door.
 19403 | Lair:6   | Found a viscous altar of Jiyva.
 19431 | Lair:6   | Found a staircase to the Slime Pits.
 19462 | Lair:6   | Gained mutation: Your large and strong wings let you fly.
                  | [Gargoyle growth]
 19462 | Lair:6   | Reached XP level 14. HP: 94/94 MP: 9/14
 19502 | Lair:6   | Received a gift from Trog
 19700 | Lair:6   | Noticed Rupert
 19714 | Lair:6   | Killed Rupert
 20165 | Lair:6   | HP: 4/94 [six-headed hydra (4)]
 20165 | Lair:6   | Mangled by a spriggan rider

Illustrated notes

Levels and vault maps discovered:
D:1:      wander_arrival_abandoned_jail, layout_rooms,
          hellmonk_ecumenical_altar_inner_sanctum, serial_bayou_pond_c
D:2:      layout_basic, serial_shops, shop, uniq_terence, uniq_sigmund
D:3:      layout_basic, bh_walls_and_bars
D:4:      layout_rooms, ebering_ghost_reflecting_pool
D:5:      layout_loops_ring, minmay_temple_entry_statues_fountains
D:6:      layout_loops_cross, lemuel_crystal_altar, portal_sewer_entry_f,
          uniq_menkaure
D:7:      minmay_evil_eye, layout_layer_cave, uniq_pikel,
          uniq_crazy_yiuf_cottage
D:8:      layout_basic
D:9:      layout_cross
D:10:     layout_basic, nemelex_xobeh_ov_fountains_minmay,
          mainiacjoe_overflow_paths, gammafunk_temple_overflow_forgotten,
          eat_drink_and_be_merry_uskayaw, dpeg_oklobed_lair, david_orc_2,
          corexii_checkpoint_a, minivault_16
D:11:     layout_gridville, serial_shops, shop, special_room
          [special_room_kobold], serial_bayou_lake_a, uniq_josephine
Lair:1:   layout_loops_ring, ebering_ghost_disaster_area, beast_lair_carwin_1
Lair:2:   layout_roguey, gammafunk_ghost_arena
Lair:3:   beast_lair_carwin_large_1, layout_misc_corridors,
          elwin_shoals_entry_stream, guppyfry_snake_entry_garden,
          gammafunk_ghost_wrathful_warriors, st_stairs_9, minivault_26,
          cheibrodos_lair_lostbears, grunt_megastairs_3
Lair:4:   layout_loops_ring, grunt_megastairs_5, wad_woods_river_01, uniq_snorg
Lair:5:   layout_regular_city, basic_altar
Lair:6:   minmay_lair_end_enchanted_forest, layout_small_grid, slime_altar_2,
          uniq_rupert

Skill      XL: |  1  2  3  4  5  6  7  8  9 10 11 12 13 |
---------------+----------------------------------------+-----
Dodging        | 2 3 4 5 7 8 9 10 | 10.6
Armour         | 3 4 5 6 7 9 10 11 13 | 13.3
Fighting       | 4 5 6 8 9 10 12 13 | 13.5
Maces & Flails | 4 5 6 7 8 10 11 12 | 12.5

Action                   |  1- 3 |  4- 6 |  7- 9 | 10-12 | 13-15 || total
-------------------------+-------+-------+-------+-------+-------++-------
Melee: Mace              |    84 |     7 |       |       |       ||    91
       Flail             |       |   181 |   344 |   884 |    33 ||  1442
       Dire flail        |       |       |       |       |   375 ||   375
       Great mace        |       |       |       |       |    62 ||    62
Invok: Berserk           |     3 |     1 |     7 |    17 |     6 ||    34
       Trog's Hand       |       |       |     2 |     1 |     2 ||     5
       Brothers in Arms  |       |       |       |       |     2 ||     2
Evoke: Wand              |       |       |       |    14 |       ||    14
  Use: Scroll            |       |       |     7 |    15 |     2 ||    24
       Potion            |       |       |     5 |       |       ||     5
 Stab: Sleeping          |       |     1 |       |       |       ||     1
       Confused          |       |       |       |       |     1 ||     1
Armor: Animal skin       |    28 |    15 |       |       |       ||    43
       Ring mail         |       |    89 |     3 |       |       ||    92
       Leather armour    |       |       |   174 |   499 |    10 ||   683
       Scale mail        |       |       |       |       |   335 ||   335
Dodge: Dodged            |    63 |   131 |   195 |   651 |   394 ||  1434
